Map: Data-C

Players

NightMare

  • Race: Protoss Protoss
  • Spawn Location: 9:00

Geralt (Gerald) - Winner!

  • Race: Protoss Protoss
  • League: Master
  • Spawn Location: 3:00

Event: HomeStory Cup XXII

VOD

Have the link to the VOD?

Description

Time

  • Played on: Dec. 15, 2022, 11:08 a.m.
  • Length: 20:10

All games in this series

Show
View Real Time Build Order
Export as new Build Order

NightMare Protoss 

Build Orders: Oracle Opening, Phoenix Opening 

Get SALT Encoding   

  12  0:00  Probe  
  13  0:12  Probe  
  14  0:19  Pylon  
  14  0:24  Probe  
  15  0:37  Probe (Chrono Boost)  
  15  0:39  Gateway  
  16  0:46  Probe (Chrono Boost)  
  17  0:51  Probe (Chrono Boost), Assimilator  
  18  1:02  Assimilator  
  18  1:03  Probe (Chrono Boost)  
  19  1:08  Pylon  
  19  1:14  Probe (Chrono Boost)  
  20  1:19  Probe (Chrono Boost)  
  21  1:26  Cybernetics Core  
  21  1:30  Probe  
  24  1:32  Zealot  
  24  1:42  Probe  
  25  1:54  Probe  
  26  1:58  Pylon  
  26  2:06  Stargate  
  26  2:08  Adept (Chrono Boost)  
  28  2:22  Warp Gate  
  28  2:31  Stalker  
  30  2:40  Gateway  
  30  2:45  Shield Battery  
  30  2:58  Nexus  
  30  3:05  Oracle  
  33  3:13  Stalker  
  33  3:16  Probe  
  36  3:28  Shield Battery, Probe  
  38  3:43  Phoenix (Chrono Boost)  
  39  3:48  Pylon  
  39  4:00  Twilight Council  
  39  4:06  Probe  
  40  4:11  Phoenix (Chrono Boost)  
  40  4:16  Probe  
  40  4:18  Probe  
  41  4:27  Phoenix (Chrono Boost)  
  41  4:28  Probe  
  41  4:31  Probe  
  45  4:40  Probe  
  45  4:41  Assimilator  
  45  4:43  Probe  
  47  4:48  Blink (Chrono Boost)  
  45  4:53  Probe  
  45  4:55  Probe  
  47  5:00  Gateway  
  47  5:05  Probe  
  48  5:07  Probe  
  48  5:09  Stalker  
  48  5:12  Stalker  
  53  5:17  Probe  
  53  5:19  Probe  
  54  5:29  Probe  
  54  5:31  Probe  
  56  5:41  Probe  
  56  5:42  Pylon  
  57  5:43  Probe, Stalker x2  
  62  5:53  Nexus  
  62  5:58  Gateway  
  62  6:03  Robotics Facility  
  62  6:12  Stalker x2  
  62  6:14  Stalker  
  62  6:16  Pylon  
  68  6:19  Probe x2 (Chrono Boost)  
  70  6:33  Probe x2 (Chrono Boost), Pylon  
  70  6:34  Shield Battery  
  70  6:37  Forge  
  72  6:43  Probe x2  
  72  6:46  Stalker x2  
  78  6:51  Observer  
  76  6:54  Stalker  
  76  6:56  Stalker  
  76  6:59  Probe (Chrono Boost)  
  76  7:00  Probe (Chrono Boost)  
  82  7:05  Probe (Chrono Boost)  
  82  7:07  Protoss Ground Weapons Level 1 (Chrono Boost)  
  83  7:11  Probe (Chrono Boost)  
  83  7:13  Pylon  
  83  7:15  Probe x2 (Chrono Boost)  
  84  7:17  Probe (Chrono Boost)  
  77  7:30  Stalker x4  
  77  7:31  Probe x2  
  77  7:35  Shield Battery  
  81  7:45  Charge  
  81  7:46  Gateway  
  81  7:48  Gateway  
  81  7:50  Observer, Gateway  
  81  7:51  Gateway  
  81  7:55  Probe  
  81  7:56  Probe  
  83  7:59  Sentry, Warp Prism (Chrono Boost)  
  87  8:07  Zealot x3  
  87  8:10  Pylon  
  91  8:23  Stalker  
  93  8:28  Stalker, Pylon x2  
  93  8:29  Stalker x2  
  99  8:44  Pylon  
  99  8:47  Nexus  
  99  8:59  Zealot x7  
  99  9:00  Zealot  
  99  9:02  Pylon  
  115  9:08  Protoss Ground Weapons Level 2 (Chrono Boost)  
  108  9:21  Zealot x6  
  116  9:26  Zealot x2  
  118  9:34  Probe x3  
  118  9:37  Observer  
  120  9:47  Zealot x6  
  120  9:51  Zealot x2  
  130  9:55  Probe x3  
  133  10:01  Templar Archives  
  133  10:04  Probe  
  134  10:10  Probe x3  
  137  10:16  Probe  
  130  10:22  Zealot x8  
  136  10:35  Nexus  
  136  10:37  Photon Cannon  
  136  10:38  Pylon  
  132  10:45  High Templar  
  132  10:46  High Templar x3  
  132  10:47  Stalker x3  
  146  10:50  Archon  
  146  10:51  Archon, Stalker  
  146  10:56  Probe x3  
  151  10:57  Robotics Bay, Probe  
  151  11:00  Assimilator  
  151  11:01  Assimilator, Pylon  
  152  11:11  Pylon  
  152  11:13  Pylon  
  152  11:14  Pylon  
  152  11:18  Protoss Ground Weapons Level 3 (Chrono Boost)  
  152  11:21  Robotics Facility  
  152  11:22  Probe x4  
  152  11:23  Assimilator  
  156  11:26  Photon Cannon  
  156  11:30  Zealot  
  156  11:31  Zealot x6  
  154  11:34  Zealot  
  150  11:49  Disruptor (Chrono Boost)  
  150  11:52  Photon Cannon  
  145  12:02  Zealot x8  
  161  12:09  Dark Shrine  
  161  12:12  Disruptor (Chrono Boost)  
  161  12:13  Gateway  
  167  12:15  Photon Cannon  
  167  12:16  Disruptor (Chrono Boost), Gateway  
  167  12:18  Shield Battery  
  167  12:19  Shield Battery  
  167  12:21  Shield Battery  
  167  12:23  Probe x4  
  171  12:30  Disruptor (Chrono Boost)  
  171  12:34  Disruptor (Chrono Boost)  
  171  12:36  Probe x4  
  178  12:41  Stalker x3  
  178  12:43  Assimilator  
  185  12:56  Gateway x2  
  185  12:58  Observer  
  185  12:59  Disruptor  
  189  13:08  Photon Cannon  
  189  13:11  Shield Battery  
  189  13:12  Photon Cannon, Pylon  
  187  13:13  Photon Cannon  
  187  13:14  Zealot x5, Photon Cannon  
  197  13:21  Shadow Stride  
  195  13:41  Zealot  
  195  13:42  Zealot  
  195  13:43  Disruptor x2 (Chrono Boost)  
  170  13:51  Zealot x4  
  170  13:52  Stalker x3  
  170  13:53  Stalker x3  
  189  13:55  Probe  
  189  13:56  Assimilator  
  185  14:08  Dark Templar  
  185  14:09  Dark Templar  
  187  14:12  Disruptor (Chrono Boost)  
  187  14:13  Dark Templar x3  
  163  14:26  Stalker x3  
  163  14:27  Stalker x4  
  177  14:35  Disruptor  
  177  14:37  Nexus  
  179  14:45  Pylon  
  177  14:54  Stalker x7  
  165  15:13  Disruptor (Chrono Boost)  
  165  15:14  Disruptor (Chrono Boost), Nexus  
  141  15:34  Oracle (Chrono Boost)  
  141  15:37  Nexus  
  142  15:45  Stalker x5  
  142  15:46  Stalker x3, Pylon  
  155  15:57  Stalker x4  
  155  15:58  Disruptor (Chrono Boost)  
  169  16:07  Observer (Chrono Boost)  
  169  16:09  Shield Battery  
  167  16:11  Photon Cannon x2  
  167  16:13  Photon Cannon  
  167  16:17  Stalker x2  
  169  16:21  Stalker x2  
  171  16:27  Observer  
  171  16:32  Stalker x2  
  137  16:48  Stalker x6  
  105  17:14  Stalker x4  
  105  17:15  Stalker x6  
  120  17:20  Disruptor (Chrono Boost)  
  117  17:29  Disruptor (Chrono Boost)  
  112  17:38  Zealot x5  
  112  17:40  Shield Battery, Photon Cannon  
  112  17:41  Assimilator  
  112  17:42  Assimilator  
  122  17:51  Disruptor (Chrono Boost)  
  122  17:55  Disruptor (Chrono Boost)  
  122  17:57  Stalker x3  
  134  18:09  Stalker x4  
  138  18:23  Stalker x5  
  138  18:26  Stalker  
  147  18:28  Observer  
  148  18:37  Nexus  
  148  18:44  Dark Templar x3  
  152  18:49  Dark Templar  
  136  19:14  Stalker x8  
  103  19:33  Stalker x4  
  103  19:40  Stalker x5  
  103  19:44  Stalker  
  113  19:56  Observer x2 (Chrono Boost)  
  113  19:58  Stalker x4  
Show
View Real Time Build Order
Export as new Build Order

Geralt Protoss - Winner!

Build Orders: Oracle Opening, Phoenix Opening 

Get SALT Encoding   

  12  0:00  Probe  
  13  0:12  Probe  
  14  0:17  Pylon  
  14  0:24  Probe (Chrono Boost)  
  16  0:37  Probe (Chrono Boost), Gateway  
  16  0:42  Probe (Chrono Boost)  
  16  0:46  Assimilator  
  17  0:51  Probe  
  17  0:54  Assimilator  
  18  1:03  Probe (Chrono Boost)  
  19  1:09  Gateway  
  19  1:14  Probe (Chrono Boost)  
  19  1:18  Pylon  
  20  1:22  Probe  
  21  1:26  Cybernetics Core  
  21  1:36  Pylon  
  21  1:41  Pylon  
  21  1:43  Probe  
  22  1:55  Probe  
  23  2:02  Pylon  
  23  2:03  Stalker  
  23  2:04  Stalker  
  27  2:09  Probe  
  27  2:12  Warp Gate  
  28  2:20  Pylon  
  28  2:24  Probe, Pylon  
  29  2:31  Pylon  
  28  2:38  Probe  
  28  2:42  Stargate  
  29  2:50  Probe  
  30  3:02  Nexus  
  30  3:05  Probe  
  31  3:13  Shield Battery  
  31  3:23  Probe  
  31  3:25  Phoenix (Chrono Boost)  
  34  3:35  Probe  
  34  3:39  Shield Battery  
  35  3:41  Pylon  
  35  3:46  Oracle (Chrono Boost)  
  35  3:50  Probe  
  39  4:02  Probe  
  39  4:14  Probe (Chrono Boost)  
  39  4:16  Oracle, Probe (Chrono Boost)  
  44  4:23  Shield Battery  
  45  4:25  Probe (Chrono Boost)  
  45  4:26  Probe (Chrono Boost)  
  45  4:30  Probe (Chrono Boost)  
  46  4:32  Probe  
  46  4:36  Twilight Council  
  46  4:37  Stalker  
  50  4:41  Probe  
  50  4:44  Probe  
  52  4:47  Stalker  
  54  4:53  Probe  
  54  4:56  Probe, Assimilator  
  54  4:57  Pylon  
  56  5:01  Gateway  
  56  5:05  Gateway  
  54  5:17  Probe  
  54  5:19  Stalker  
  54  5:20  Blink (Chrono Boost), Stalker  
  59  5:30  Probe  
  61  5:39  Nexus  
  61  5:41  Pylon  
  60  5:46  Stalker  
  60  5:49  Stalker  
  64  5:50  Probe  
  64  5:52  Probe  
  66  5:59  Shield Battery  
  66  6:00  Stalker  
  66  6:02  Probe  
  69  6:07  Stalker  
  69  6:09  Probe  
  72  6:18  Probe  
  73  6:19  Forge  
  73  6:21  Probe  
  74  6:30  Probe, Stalker  
  77  6:32  Pylon  
  77  6:35  Probe  
  78  6:46  Robotics Facility  
  78  6:48  Pylon  
  78  6:50  Probe x2  
  78  6:51  Protoss Ground Weapons Level 1 (Chrono Boost)  
  78  6:52  Probe  
  78  6:53  Stalker x3  
  81  6:55  Stalker  
  83  7:02  Probe  
  83  7:06  Probe  
  85  7:14  Probe  
  86  7:17  Stalker x2  
  86  7:18  Stalker x2  
  84  7:33  Probe  
  84  7:36  Probe  
  86  7:38  Observer (Chrono Boost)  
  86  7:43  Gateway  
  87  7:44  Probe, Gateway  
  87  7:45  Gateway  
  87  7:46  Assimilator, Stalker x3  
  87  7:48  Gateway  
  87  7:49  Stalker  
  96  7:54  Observer (Chrono Boost), Pylon  
  97  8:03  Nexus  
  97  8:05  Probe  
  98  8:06  Pylon  
  98  8:10  Charge (Chrono Boost)  
  98  8:17  Stalker x2  
  102  8:20  Probe  
  102  8:22  Pylon  
  103  8:30  Probe, Stalker x2  
  108  8:40  Probe  
  108  8:41  Protoss Ground Weapons Level 2 (Chrono Boost)  
  109  8:43  Shield Battery  
  109  8:45  Photon Cannon  
  109  8:49  Photon Cannon  
  109  8:50  Probe x2, Pylon  
  109  8:53  Robotics Bay  
  111  8:58  Photon Cannon  
  111  8:59  Pylon  
  111  9:04  Stalker x2  
  111  9:08  Zealot  
  111  9:09  Zealot  
  115  9:16  Zealot  
  115  9:17  Zealot x2  
  119  9:18  Observer  
  119  9:27  Stalker  
  119  9:29  Stalker x3  
  127  9:34  Zealot  
  127  9:36  Shield Battery  
  127  9:38  Zealot x2, Pylon  
  133  9:41  Disruptor  
  136  9:52  Zealot x5  
  142  9:55  Assimilator  
  142  9:57  Assimilator  
  142  9:59  Stalker  
  146  10:00  Stalker  
  146  10:05  Probe  
  146  10:06  Probe  
  151  10:08  Assimilator  
  151  10:09  Assimilator, Stalker  
  151  10:10  Probe  
  154  10:19  Nexus  
  151  10:22  Stalker  
  151  10:23  Stalker  
  151  10:26  Zealot  
  143  10:38  Zealot x5  
  143  10:42  Disruptor, Probe  
  155  10:46  Phoenix (Chrono Boost)  
  157  10:57  Pylon  
  157  10:58  Robotics Facility  
  157  10:59  Pylon  
  157  11:12  Probe  
  157  11:13  Probe x2  
  157  11:15  Zealot x3  
  157  11:16  Zealot x2  
  157  11:17  Disruptor  
  168  11:32  Protoss Ground Weapons Level 3 (Chrono Boost)  
  168  11:34  Dark Shrine  
  168  11:37  Probe  
  168  11:39  Probe x2  
  171  11:41  Fleet Beacon  
  171  11:43  Zealot  
  171  11:44  Zealot x2  
  164  11:47  Observer  
  164  11:50  Disruptor  
  164  11:53  Disruptor  
  170  12:00  Stalker x4  
  164  12:02  Probe  
  164  12:04  Probe x2  
  164  12:05  Probe  
  168  12:15  Probe  
  169  12:17  Pylon  
  169  12:18  Pylon  
  169  12:23  Probe  
  169  12:24  Photon Cannon  
  170  12:32  Zealot x4  
  170  12:35  Mothership  
  184  12:42  Disruptor x2  
  190  12:47  Dark Templar  
  190  12:48  Dark Templar x2  
  190  12:49  Dark Templar  
  198  12:52  Observer  
  198  12:57  Pylon  
  198  13:06  Nexus  
  196  13:22  Disruptor x2  
  196  13:36  Stargate x2  
  196  13:40  Photon Cannon  
  196  13:41  Photon Cannon  
  196  13:42  Pylon  
  196  13:46  Stalker x3  
  200  14:03  Photon Cannon  
  200  14:04  Disruptor, Photon Cannon  
  200  14:05  Shield Battery, Probe  
  200  14:07  Shield Battery  
  200  14:08  Pylon  
  186  14:22  Probe  
  167  14:26  Probe  
  167  14:27  Stalker x8  
  167  14:29  Tempest (Chrono Boost)  
  167  14:30  Protoss Shields Level 1 (Chrono Boost)  
  182  14:31  Tempest (Chrono Boost)  
  182  14:37  Photon Cannon  
  197  14:39  Tempest (Chrono Boost)  
  197  14:42  Assimilator  
  197  14:47  Assimilator  
  197  15:06  Protoss Air Weapons Level 1 (Chrono Boost)  
  194  15:07  Disruptor  
  194  15:08  Disruptor  
  187  15:26  Tempest x2  
  197  15:35  Pylon  
  197  15:48  Nexus  
  197  15:55  Dark Templar x2  
  199  16:03  Pylon  
  199  16:30  Protoss Ground Armor Level 1  
  193  16:36  Disruptor x2  
  185  16:41  Assimilator  
  185  16:43  Assimilator  
  157  16:49  Stalker x8  
  146  17:05  Tempest x3  
  146  17:06  Mothership  
  146  17:12  Disruptor x2  
  146  17:13  Stalker x8  
  146  17:15  Observer  
  137  17:40  Stalker x2  
  141  17:45  Photon Cannon  
  141  17:47  Disruptor, Shield Battery  
  141  17:48  Disruptor, Tempest x2  
  141  17:50  Photon Cannon  
  157  17:51  Photon Cannon  
  157  17:53  Photon Cannon  
  157  17:55  Shield Battery, Photon Cannon  
  157  17:56  Dark Templar  
  157  17:57  Zealot x2  
  157  17:58  Shield Battery, Zealot x3  
  169  18:01  Shield Battery  
  169  18:03  Pylon  
  169  18:08  Tempest  
  171  18:23  Gravitic Boosters (Chrono Boost)  
  171  18:24  Disruptor, Observer  
  171  18:27  Zealot x7  
  171  18:30  Tempest  
  190  18:34  Probe x2  
  190  18:35  Probe  
  193  18:45  Observer  
  194  18:55  Zealot x3  
  199  18:59  Tempest x2  
  200  19:06  Disruptor  
  170  19:18  Stalker x8  
  170  19:23  Unknown  
  177  19:35  Probe  
  176  19:45  Photon Cannon  
  176  19:46  Shield Battery  
  176  19:48  Dark Templar x6, Photon Cannon  
Tags
 
Add a new tag
Caveats
  • Supply blocks, unpowered buildings, or Contaminate may cause inaccurate times.
  • Supply counts are checked every 10 seconds.